 Dungeon Crawl Stone Soup version 0.31-a0-879-g1609e0ac53 (webtiles) character file.

Game seed: 3850834756015211507

51 sircluck the Ruffian (level 3, -10/36 HPs)
             Began as a Troll Berserker on Oct 14, 2023.
             Was a Believer of Trog.
             Killed by an exploding dream sheep (46 damage)
             ... ignited by their inner flame
             ... on level 4 of the Dungeon.
             The game lasted 00:02:05 (1585 turns).

sircluck the Ruffian (Troll Berserker)              Turns: 1585, Time: 00:02:05

Health: -10/36     AC:  5    Str: 24 (27) XL:     3   Next: 58%
Magic:  2/2        EV: 25    Int:  2 (3)  God:    Trog [**....]
Gold:   61         SH:  0    Dex:  7 (9)  Spells: 2/2 levels left

rFire   . .          .
                       - Unarmed
rCold   + . .        (no shield)
rNeg    . . .        a - +0 animal skin
rPois   .            (helmet restricted)
rElec   .            f - +0 cloak
rCorr   .            (gloves unavailable)
SInv    .            (boots unavailable)
Will    .....        k - amulet of the acrobat
Stlth   +            e - ring of protection from cold
HPRegen 1.06/turn    (no ring)
MPRegen 0.08/turn

%: acrobat
@: acrobatic
A: large, unfitting armour, claws 3, regeneration 1, shaggy fur 1, tough skin 1
a: Renounce Religion, Berserk, Trog's Hand


You were on level 4 of the Dungeon.
You worshipped Trog.
Trog was pleased with you.
You visited 1 branch of the dungeon, and saw 3 of its levels.

You collected 61 gold pieces.

Inventory:

Missiles
 d - 21 stones
 h - 11 poisoned darts
Armour
 a - a +0 animal skin (worn)
 f - a +0 cloak (worn)
Jewellery
 e - a ring of protection from cold (left claw)
 k - an amulet of the acrobat (around neck)
Potions
 b - a potion of enlightenment {unknown}
 c - a potion of degeneration
 g - 2 potions of heal wounds {unknown}
 i - a potion of magic {unknown}
 j - a potion of might {unknown}


   Skills:
 + Level 2.8 Fighting
 * Level 0.7 Throwing
 + Level 2.8 Dodging
 + Level 3.6 Unarmed Combat


You had 2 spell levels left.
You didn't know any spells.
Your spell library was empty.

Dungeon Overview and Level Annotations

Branches:
Dungeon (2/15)

Altars:
Xom


Innate Abilities, Weirdness & Mutations

You are too large for most types of armour.
You have claws for hands.
Your natural rate of healing is unusually fast.
You are covered in fur. (AC +1)
You have tough skin. (AC +1)


Message History

Done exploring.
Done exploring.
Done exploring.
No target in view!
As you open the door, it creaks loudly!
There is an open door here.
There is an open door here.
There is an open door here.
There is a shaft here.
You fall into a shaft and drop 2 floors!
The shaft crumbles and collapses.
You hear the hiss of flowing sand.
There is an entrance to an ossuary on this level.
Hurry and find it before the portal is buried!
You open the door.
The walls suddenly crumble! 5 dream sheep come into view.
A dream sheep catches fire!
The dream sheep stampedes away.
A dream sheep catches fire!
The dream sheep panics and turns to flee.
A dream sheep catches fire!
The dream sheep bleats in terror.
A dream sheep catches fire!
The dream sheep panics and turns to flee.
A dream sheep catches fire!
The dream sheep bleats in terror.
You hear mad divine giggling.
Found a shimmering altar of Xom.
Unknown command.
The dream sheep burns! x5
The dream sheep burns! x5
The dream sheep burns! x5
The dream sheep burns! x5
The dream sheep explodes!
The dream sheep bleats!
The dream sheep bleats! x2
The dream sheep burns! x4
The dream sheep explodes! x2
The fiery explosion engulfs you!!!
Ouch! That really hurt!
You die...

#...........#
#.........#
#.....§§§.#
#......§..#
#...._§§§.#
#........Y#
#......§§§#
#.#......§§§#
.........@§§#
#######.....#
##.#### #...
#####


You could see a dream sheep (inner flame, fleeing, burning).

Vanquished Creatures
  2 adders (D:2)
  A worm (D:2)
  A dart slug (D:1)
  A ball python (D:1)
  6 bats
  2 endoplasms (D:1)
  4 goblins
  3 hobgoblins
  4 kobolds
  A frilled lizard (D:1)
  5 rats
30 creatures vanquished.

Vanquished Creatures (others)
  4 dream sheep (D:4)
4 creatures vanquished.

Grand Total: 34 creatures vanquished

Notes
Turn   | Place    | Note
-------+----------+-------------------------------------------
     0 | D:1      | sircluck the Troll Berserker began the quest for the Orb.
     0 | D:1      | Reached XP level 1. HP: 22/22 MP: 0/0
   172 | D:1      | Reached XP level 2. HP: 26/29 MP: 1/1
   774 | D:2      | Reached XP level 3. HP: 32/36 MP: 2/2
   811 | D:2      | Reached ** piety under Trog
  1568 | D:2      | You fall into a shaft and drop 2 floors!
  1580 | D:4      | Noticed a dream sheep
  1580 | D:4      | Noticed a dream sheep
  1580 | D:4      | Noticed a dream sheep
  1580 | D:4      | Noticed a dream sheep
  1580 | D:4      | Noticed a dream sheep
  1580 | D:4      | Found a shimmering altar of Xom.
  1584 | D:4      | Killed a dream sheep
  1585 | D:4      | Killed a dream sheep
  1585 | D:4      | Killed a dream sheep
  1585 | D:4      | Killed a dream sheep
  1585 | D:4      | Killed by an exploding dream sheep... ignited by their
                  | inner flame

Illustrated notes

Levels and vault maps discovered:
D:1:      dpeg_arrival_rooms_a, layout_basic, minmay_heptomino_o4
D:2:      layout_loops_corners
D:4:      wander_river, layout_loops_ring, grunt_ashenzari_visionary
          [grunt_ashenzari_visionary_shoals, grunt_ashenzari_visionary_snake],
          kb_xom_exploding_sheep, enter_ossuary_5, serial_shops,
          nicolae_shop_getting_attention, uniq_duvessa

Action                     || total
---------------------------++-------
  Melee: Unarmed           ||    63
    Use: Scroll            ||     1
         Potion            ||     1
 Armour: Animal skin       ||    35
  Dodge: Dodged            ||    29

Table legend: (Time is in decaauts)
 A = Elapsed time spent in this place.
 B = Non-inter-level travel time spent in this place.
 C = Inter-level travel time spent in this place.
 D = Time resting spent in this place.
 E = Time spent auto-exploring this place.
 F = Levels seen in this place.
 G = Mean time per level.
                   A        B        C        D        E       F      G
               +--------+--------+--------+--------+--------+-----+--------+
         Total |   1579 |   1511 |     68 |      0 |   1300 |   3 |  526.3 |
       Dungeon |   1579 |   1511 |     68 |      0 |   1300 |   3 |  526.3 |
               +--------+--------+--------+--------+--------+-----+--------+

Top non-repeatable levels by time:
     D:2: 805 daAuts
     D:1: 758 daAuts
     D:4: 16 daAuts
